 Dungeon Crawl Stone Soup version 0.25.1-2-g60ff931df9 (webtiles) character file.

Game seed: 1527478795679391588

2557 MajorAdolf the Covered (level 9, -3/82 HPs)
             Began as a Naga Wanderer on Oct 6, 2020.
             Was an Initiate of Gozag.
             Slain by a slave (4 damage)
             ... led by Pikel
             ... on level 7 of the Dungeon.
             The game lasted 00:13:23 (9359 turns).

MajorAdolf the Covered (Naga Wanderer)              Turns: 9359, Time: 00:13:24

Health: -3/82      AC:  9    Str: 19    XL:     9   Next: 56%
Magic:  11/11      EV:  9    Int: 12    God:    Gozag
Gold:   729        SH:  4    Dex: 10    Spells: 10/10 levels left

rFire    . . .     SeeInvis +   I - +0 hand axe (elec)
rCold    . . .     Gourm    .   w - +0 buckler
rNeg     . . .     Faith    .   c - +2 scale mail
rPois    +         Spirit   .   m - +0 helmet
rElec    .         Reflect  .   y - +0 cloak
rCorr    .         Harm     .   G - +0 pair of gloves (curse)
MR       +....                  (no barding)
Stlth    ..........             (no amulet)
HPRegen  0.23/turn              (no ring)
MPRegen  0.12/turn              (no ring)

@: corroded, very slow
A: large, see invisible, deformed body, poison resistance, slowness 2, slow
metabolism 1, spit poison 1, AC +3
a: Spit Poison, Potion Petition, Call Merchant, Bribe Branch, Renounce Religion


You were on level 7 of the Dungeon.
You worshipped Gozag.
Gozag was pleased with you.
You were near starving.

You visited 1 branch of the dungeon, and saw 8 of its levels.
You visited the Abyss 1 time.

You collected 786 gold pieces.
You paid 57 gold pieces to Gozag.

Inventory:

Hand Weapons
 a - a +0 club
 f - a +0 short sword
 g - a +2 antimagic spear
 j - a +1 dagger of venom
 r - a +1 dagger of draining
 E - a +0 hand axe
 H - a +5 falchion
 I - a +0 hand axe of electrocution (weapon)
Armour
 c - a +2 scale mail (worn)
 m - a +0 helmet (worn)
 v - a +1 robe of magic resistance
 w - a +0 buckler (worn)
 y - a +0 cloak (worn)
 G - a cursed +0 pair of gloves (worn)
Jewellery
 x - an uncursed ring of ice
 z - an uncursed ring of wizardry
Wands
 q - a wand of random effects (18)
Scrolls
 e - 3 scrolls of teleportation
 h - 3 scrolls of remove curse
 i - 2 scrolls of fear {unknown}
 k - 9 scrolls of identify {unknown}
 s - 2 scrolls of blinking {unknown}
 t - 2 scrolls of noise {unknown}
 B - a scroll of fog {unknown}
 C - a scroll of immolation {unknown}
 D - a scroll of amnesia {unknown}
Potions
 b - a potion of lignification
 l - a potion of cancellation {unknown}
 n - 3 potions of brilliance {unknown}
 o - a potion of degeneration {unknown}
 p - 2 potions of curing {unknown}
 u - a potion of flight {unknown}
 A - a potion of haste {unknown}
 F - a potion of stabbing {unknown}
Comestibles
 d - 13 rations


   Skills:
 + Level 5.8 Fighting
 + Level 3.1(3.2) Axes
 - Level 1.0(2.2) Maces & Flails
 - Level 1.0 Throwing
 + Level 6.1 Armour
 + Level 4.7 Dodging
 + Level 4.3 Shields
 - Level 1.0 Spellcasting
   Level 2.0 Transmutations
 + Level 3.3 Evocations


You had 10 spell levels left.
You didn't know any spells.
Your spell library contained the following spells:

 Spells                   Type           Power        Failure   Level  Hunger
 Magic Dart               Conj           #...         63%         1    ##.....
 Blink                    Tloc           N/A          77%         2    ###....
 Call Imp                 Summ           #.......     77%         2    ###....
 Slow                     Hex            #.......     77%         2    ###....
 Confusing Touch          Hex            #.......     94%         3    ####...
 Conjure Flame            Conj/Fire      #.......     94%         3    ####...
 Gell's Gravitas          Tloc           #.........   94%         3    ####...
 Mephitic Cloud           Conj/Pois/Air  #.......     94%         3    ####...
 Petrify                  Tmut/Erth      #.......     99%         4    #####..
 Metabolic Englaciation   Hex/Ice        #.........   100%        5    ######.
 Yara's Violent Unravell  Hex/Tmut       #.........   100%        5    ######.


Dungeon Overview and Level Annotations

Branches:
Dungeon (8/15)             Temple (0/1) D:5
   Lair: D:8-11

Altars:
Cheibriados
Elyvilon
Gozag
Ru
Trog
Wu Jian

Annotations:
D:5 1 runed translucent door, Vinx's ghost, amateur MiFi
D:7 Harold; Pikel


Innate Abilities, Weirdness & Mutations

You cannot wear boots.
Your serpentine skin is tough. (AC +3)
You have supernaturally acute eyesight. (SInv)
Armour fits poorly on your strangely shaped body.
Your system is resistant to poisons. (rPois)
You cover ground very slowly.
You have a slow metabolism.
You can spit poison.


Message History

You kill the slave!
That felt strangely unrewarding.
Pikel shouts!
You hear a shout!
The centaur shouts!
The centaur shoots an arrow.
The arrow hits you but does no damage.
You hear a shout!
You see here an arrow.
Pikel zaps a wand.
The bolt of acid hits you.
You are splashed with acid!
Pikel hits you but does no damage.
You closely miss Pikel. Pikel hits you but does no damage.
Pikel zaps a wand.
The bolt of acid hits you!! The acid corrodes you!
You are splashed with acid!
Your scale mail prevents you from hitting Pikel.
You completely miss the slave. The slave barely misses you.
Pikel zaps a wand.
The bolt of acid hits you!!
* * * LOW HITPOINT WARNING * * *
You are splashed with acid!
* * * LOW HITPOINT WARNING * * *
The slave hits you.
You die...
Your body crumbles into a pile of gold.

#.################
#................#
################.#
#########.####
#.............
#)#######.#### #.#...
#..)...
##########)#.##.#..####
##...#p@.........#.)#
#≈.≈..K####.#)#.##..####
#≈.≈##c# #.#.# #......
#≈.≈ #.# #.#.##≈#≈≈.###
#≈≈≈ #(# #.......≈?(.##
.........[...≈..♣≈.≈≈..>#
#.######.####..≈≈≈≈≈♣≈c...
... ... ..≈..♣.♣≈≈.... ##
#%. ....≈≈≈5...≈..


You could see Pikel, a slave and a centaur.

Vanquished Creatures
  Sigmund (D:3)
  2 slaves (D:7)
  A black bear (D:7)
  A sky beast (D:6)
  6 ogres
  2 wolves (D:8)
  A centaur (D:5)
  3 bullfrogs
  A scorpion (D:6)
  4 wights (D:7)
  3 howler monkeys
  4 crimson imps
  A quasit (D:7)
  A bullfrog skeleton (D:5)
  A bullfrog zombie (D:5)
  2 centaur skeletons
  4 orc wizards
  A hound (D:4)
  Jessica (D:3)
  2 worker ants
  Natasha (thrice) (D:3)
  An iguana (D:5)
  A hound skeleton (D:4)
  Robin (D:2)
  8 gnolls
  8 adders
  A shadow imp (D:5)
  An ooze (D:3)
  An adder skeleton (D:4)
  3 worms (D:5)
  4 dart slugs
  10 leopard geckos
  20 orcs
  A ball python (D:1)
  7 giant cockroaches
  12 goblins
  7 hobgoblins
  14 jackals
  3 quokkas
  11 bats
  7 frilled lizards
  A giant cockroach zombie (D:6)
  A jackal zombie (D:4)
  10 kobolds
  A quokka skeleton (D:7)
  8 rats
187 creatures vanquished.

Notes
Turn   | Place    | Note
-------+----------+-------------------------------------------
     0 | D:1      | MajorAdolf the Naga Wanderer began the quest for the Orb.
     0 | D:1      | MajorAdolf set off with the following items: a +0 club, 2
                  | potions of lignification, a +2 scale mail, a ration
     0 | D:1      | Reached XP level 1. HP: 15/15 MP: 2/2
   218 | D:1      | Reached XP level 2. HP: 24/24 MP: 3/3
   295 | D:1      | Reached skill level 1 in Fighting
   767 | D:1      | Reached skill level 1 in Dodging
   782 | D:1      | Reached XP level 3. HP: 30/31 MP: 4/4
  1326 | D:2      | Found a snail-covered altar of Cheibriados.
  1806 | D:3      | Reached XP level 4. HP: 24/39 MP: 5/5
  2058 | D:2      | Noticed Robin
  2086 | D:2      | Killed Robin
  2285 | D:2      | Found a bloodstained altar of Trog.
  2511 | D:2      | Reached XP level 5. HP: 45/46 MP: 6/6
  2564 | D:2      | Reached skill level 4 in Armour
  2954 | D:3      | Noticed Jessica
  2963 | D:3      | Killed Jessica
  3065 | D:3      | Noticed Natasha
  3071 | D:3      | Killed Natasha
  3267 | D:3      | Found a sacrificial altar of Ru.
  3363 | D:3      | Noticed Natasha
  3371 | D:3      | Killed Natasha
  3371 | D:3      | Reached XP level 6. HP: 40/56 MP: 7/7
  3398 | D:3      | Noticed Natasha
  3411 | D:3      | Killed Natasha
  3706 | D:3      | Noticed Sigmund
  3707 | D:3      | Cast into level 2 of the Abyss (Sigmund)
  3730 | Abyss:2  | Noticed a wretched star
  3730 | Abyss:2  | Noticed a large abomination
  3739 | Abyss:2  | Noticed a shadow
  3743 | D:3      | Escaped the Abyss
  3757 | D:3      | Killed Sigmund
  3891 | D:3      | Reached XP level 7. HP: 61/62 MP: 8/8
  4926 | D:4      | Found an opulent altar of Gozag.
  4937 | D:4      | Became a worshipper of Gozag Ym Sagoz the Greedy
  5036 | D:5      | Entered Level 5 of the Dungeon
  5186 | D:5      | Found a runed translucent door.
  5193 | D:5      | Noticed Vinx's ghost (amateur MiFi)
  5415 | D:5      | Reached skill level 5 in Armour
  5453 | D:5      | Reached XP level 8. HP: 18/73 MP: 9/9
  5742 | D:5      | Found a staircase to the Ecumenical Temple.
  6806 | D:6      | Reached skill level 1 in Evocations
  6879 | D:6      | Reached skill level 1 in Axes
  7027 | D:6      | Found an ornate altar of the Wu Jian Council.
  7052 | D:6      | Reached skill level 5 in Fighting
  7697 | D:7      | Found a sacrificial altar of Ru.
  7701 | D:7      | Reached XP level 9. HP: 81/81 MP: 10/10
  8123 | D:7      | Noticed Pikel
  8589 | D:7      | Found a white marble altar of Elyvilon.
  8644 | D:7      | Noticed Harold
  8958 | D:8      | Reached skill level 6 in Armour
  9359 | D:7      | HP: 1/82 [acid (12)]
  9359 | D:7      | Slain by a slave

Illustrated notes

Levels and vault maps discovered:
D:1:      erik_arrival_cave_to_civilisation [erik_arrival_cave_to_hall],
          layout_basic, minmay_tripent
D:2:      layout_loops_ring, kennysheep_slug_shrine, lightli_temple_of_fire,
          uniq_robin
D:3:      layout_loops_ring, nicolae_overflow_hidden_temple, first_ration,
          uniq_natasha, uniq_jessica, uniq_sigmund
D:4:      layout_basic, kennysheep_mini
D:5:      layout_loops_corners, minmay_temple_entry_waves, ebering_ghost_sewer_d
D:6:      layout_basic, lemuel_doored_altar
D:7:      layout_basic, elyvilon_altar_5, serial_rivers,
          chequers_serial_rivers_micro_d, chequers_serial_rivers_marsh,
          chequers_serial_rivers_room_a, chequers_serial_rivers_large_a,
          nicolae_ru_awakened_eye, uniq_pikel, uniq_harold
D:8:      layout_gridville, serial_ice, serial_ice_k, serial_ice_o,
          serial_ice_d, serial_ice_e, uniq_grum

Skill      XL: |  1  2  3  4  5  6  7  8  9 |
---------------+----------------------------+-----
Fighting       | 1 2 3 4 5 |  5.8
Dodging        | 1 2 3 4 |  4.7
Armour         | 4 5 6 |  6.1
Shields        | 2 3 4 |  4.3
Evocations     | 2 3 |  3.3
Axes           | 2 3 |  3.1
Maces & Flails | |  1.0
Throwing       | |  1.0
Spellcasting   | |  1.0
Transmutations | |  2.0

Action                   |  1- 3 |  4- 6 |  7- 9 || total
-------------------------+-------+-------+-------++-------
Melee: Short sword       |    84 |       |       ||    84
       Club              |     6 |       |       ||     6
       Dagger            |    50 |   187 |   450 ||   687
       Hand axe          |       |       |   124 ||   124
 Abil: Spit Poison       |     3 |       |     8 ||    11
Evoke: Wand              |       |       |    26 ||    26
  Use: Scroll            |       |     2 |     1 ||     3
       Potion            |       |       |     2 ||     2
 Stab: Distracted        |       |       |     1 ||     1
       Paralysed         |       |       |     2 ||     2
  Eat: Chunk             |     1 |     6 |     4 ||    11
       Ration            |       |       |     3 ||     3
Armor: Scale mail        |   118 |   113 |   277 ||   508
       Skin              |       |       |    61 ||    61
Dodge: Dodged            |    86 |    86 |   232 ||   404
Block: Buckler           |       |     7 |   106 ||   113
